MLB
DETROIT TIGERS @ PITTSBURGH PIRATES
06/23/2044
 
TOP OF THE 1ST
Detroit Tigers batting - Pitching for Pittsburgh Pirates : RHP Chris Lincecum II
Pitching: RHP Chris Lincecum II
Batting: RHB Greg Harman 0-0: Called Strike
0-1: Foul Ball, location: 2F
0-2: Ball
1-2: Ball
2-2: Ball
3-2: SINGLE (Groundball, 6MD, EV 103.8 MPH)
Batting: LHB Morgan Black 0-0: Swinging Strike
0-1: Called Strike
0-2: Foul Ball, location: 2F
0-2: Ball
1-2: Ball
2-2: SINGLE (Groundball, 34D, EV 95.0 MPH)
Greg Harman to second
Runner from 2nd tries for 3rd, SAFE, throw by RF made to third
Batting: RHB Randy Shrewsbury 0-0: Called Strike
0-1: Grounds into double play, 5-4-3 (Groundball, 56, EV 83.8 MPH)
Greg Harman scores
Batting: LHB Tyler Davis 0-0: Foul Ball, location: 2F
0-1: Foul Ball, location: 2F
0-2: Ball
1-2: Strikes out swinging
Top of the 1st over - 1 run, 2 hits, 0 errors, 0 left on base; Detroit 1 - Pittsburgh 0
BOTTOM OF THE 1ST
Pittsburgh Pirates batting - Pitching for Detroit Tigers : LHP Momosuke Sato
Pitching: LHP Momosuke Sato
Batting: RHB Eisse Bravenboer 0-0: Called Strike
0-1: Foul Ball, location: 2F
0-2: Ball
1-2: Fly out, F9 (Flyball, 9S, EV 88.1 MPH)
Batting: RHB Mike Bates 0-0: Swinging Strike
0-1: Swinging Strike
0-2: Ball
1-2: Ball
2-2: Strikes out looking
Batting: SHB Marvin McAleer 0-0: Ball
1-0: Foul Ball, location: 2F
1-1: Called Strike
1-2: Ball
2-2: Ground out 5-3 (Groundball, 56S, EV 83.1 MPH)
Bottom of the 1st over - 0 runs, 0 hits, 0 errors, 0 left on base; Detroit 1 - Pittsburgh 0
TOP OF THE 2ND
Detroit Tigers batting - Pitching for Pittsburgh Pirates : RHP Chris Lincecum II
Batting: RHB Ryan Neal 0-0: Foul Ball, location: 2F
0-1: SOLO HOME RUN (Flyball, 7D, EV 100.6 MPH), Distance : 372 ft
Batting: RHB Victor Quinones 0-0: SINGLE (Groundball, 6MD, EV 97.5 MPH)
Batting: RHB Luke Feeney 0-0: Ball
1-0: Fly out, F4 (Popup, 34, EV 69.4 MPH)
Batting: LHB Emmanuel Gaskin 0-0: Ball
1-0: Ball
2-0: Foul Ball, location: 2F
2-1: Ball
3-1: Fielders Choice at 2nd, 5-4 (Groundball, 6S, EV 84.4 MPH)
Batting: RHB Adrian Novakovic 0-0: Ground out 5-3 (Groundball, 56S, EV 88.8 MPH)
Top of the 2nd over - 1 run, 2 hits, 0 errors, 1 left on base; Detroit 2 - Pittsburgh 0
BOTTOM OF THE 2ND
Pittsburgh Pirates batting - Pitching for Detroit Tigers : LHP Momosuke Sato
Batting: RHB Steve Jordan 0-0: SOLO HOME RUN (Flyball, 78XD, EV 100.6 MPH), Distance : 405 ft
Batting: RHB Vincent Poopwell 0-0: Fly out, F7 (Flyball, 78D, EV 109.4 MPH)
Batting: LHB Theodore Conboy 0-0: Ball
1-0: Ball
2-0: Ground out 6-3 (Groundball, 6M, EV 101.3 MPH)
Batting: RHB Andrew Robinson 0-0: Foul Ball, location: 2F
0-1: Ball
1-1: Called Strike
1-2: Strikes out swinging
Bottom of the 2nd over - 1 run, 1 hit, 0 errors, 0 left on base; Detroit 2 - Pittsburgh 1
TOP OF THE 3RD
Detroit Tigers batting - Pitching for Pittsburgh Pirates : RHP Chris Lincecum II
Batting: RHB Greg Harman 0-0: Ball
1-0: Ball
2-0: Called Strike
2-1: Ground out 5-3 (Groundball, 56S, EV 75.0 MPH)
Batting: LHB Morgan Black 0-0: Ground out U3 (Groundball, 13, EV 88.1 MPH)
Batting: RHB Randy Shrewsbury 0-0: Ball
1-0: Foul Ball, location: 2F
1-1: Ball
2-1: Fly out, F9 (Flyball, 9, EV 89.4 MPH)
Top of the 3rd over - 0 runs, 0 hits, 0 errors, 0 left on base; Detroit 2 - Pittsburgh 1
BOTTOM OF THE 3RD
Pittsburgh Pirates batting - Pitching for Detroit Tigers : LHP Momosuke Sato
Batting: RHB Tommie Eaton 0-0: Called Strike
0-1: Swinging Strike
0-2: SINGLE (Line Drive, 6M, EV 95.6 MPH)
Batting: RHB Mike Thornton 0-0: Called Strike
0-1: Swinging Strike
0-2: Strikes out swinging
Batting: RHB Eisse Bravenboer 0-0: Called Strike
0-1: Ball
1-1: Ball
2-1: Grounds into double play, 6-4-3 (Groundball, 6, EV 103.8 MPH)
Bottom of the 3rd over - 0 runs, 1 hit, 0 errors, 0 left on base; Detroit 2 - Pittsburgh 1
TOP OF THE 4TH
Detroit Tigers batting - Pitching for Pittsburgh Pirates : RHP Chris Lincecum II
Batting: LHB Tyler Davis 0-0: Foul Ball, location: 2F
0-1: Ball
1-1: Foul Ball, location: 2F
1-2: Foul Ball, location: 2F
1-2: Ball
2-2: Ball
3-2: Foul Ball, location: 2F
3-2: Foul Ball, location: 2F
3-2: Foul Ball, location: 2F
3-2: Foul Ball, location: 2F
3-2: Foul Ball, location: 2F
3-2: Foul Ball, location: 2F
3-2: Ground out 1-3 (Groundball, 15S, EV 67.5 MPH)
Batting: RHB Ryan Neal 0-0: Called Strike
0-1: SINGLE (Line Drive, 78S, EV 100.6 MPH)
Batting: RHB Victor Quinones 0-0: Called Strike
0-1: Called Strike
0-2: Ball
1-2: DOUBLE (Line Drive, 78M, EV 105.0 MPH)
Ryan Neal to third
Runner from 3rd tries for Home, SAFE, no throw by CF
Batting: RHB Luke Feeney 0-0: Ball
1-0: Ground out 6-3 (Groundball, 6S, EV 68.8 MPH)
Victor Quinones to third
Batting: LHB Emmanuel Gaskin 0-0: Ball
1-0: 2-RUN HOME RUN (Flyball, 9LD, EV 95.0 MPH), Distance : 359 ft
Pitching: RHP Curt Campbell
Batting: RHB Adrian Novakovic 0-0: Called Strike
0-1: Ball
1-1: Foul Ball, location: 2F
1-2: Strikes out swinging
Top of the 4th over - 3 runs, 3 hits, 0 errors, 0 left on base; Detroit 5 - Pittsburgh 1
BOTTOM OF THE 4TH
Pittsburgh Pirates batting - Pitching for Detroit Tigers : LHP Momosuke Sato
Batting: RHB Mike Bates 0-0: Ball
1-0: Ground out 1-3 (Groundball, 13, EV 66.3 MPH)
Batting: SHB Marvin McAleer 0-0: Ball
1-0: Ball
2-0: SINGLE (Line Drive, 78S, EV 85.6 MPH)
Batting: RHB Steve Jordan 0-0: SINGLE (Flyball, 89S, EV 91.9 MPH)
Marvin McAleer to second
Runner from 2nd tries for 3rd, SAFE, throw by RF made to third
Batting: RHB Vincent Poopwell 0-0: SINGLE (Groundball, 56D, EV 99.4 MPH)
Marvin McAleer scores
Steve Jordan to second
Batting: LHB Theodore Conboy 0-0: Ball
Steve Jordan steals 3rd base (no throw)
Vincent Poopwell to second
1-0: Ball
2-0: Foul Ball, location: 2F
2-1: Ground out 5-3 (Groundball, 56S, EV 73.8 MPH)
Steve Jordan scores
Vincent Poopwell to third
Batting: RHB Andrew Robinson 0-0: Ball
1-0: Foul Ball, location: 2F
1-1: 2-RUN HOME RUN (Flyball, 7D, EV 103.1 MPH), Distance : 376 ft
Batting: RHB Tommie Eaton 0-0: Foul Ball, location: 2F
0-1: Ball
1-1: Foul Ball, location: 2F
1-2: Foul Ball, location: 2F
1-2: Strikes out swinging
Bottom of the 4th over - 4 runs, 4 hits, 0 errors, 0 left on base; Detroit 5 - Pittsburgh 5
TOP OF THE 5TH
Detroit Tigers batting - Pitching for Pittsburgh Pirates : RHP Curt Campbell
Batting: RHB Greg Harman 0-0: Swinging Strike
0-1: Ball
1-1: Swinging Strike
1-2: Ball
2-2: Foul Ball, location: 2F
2-2: Ball
3-2: Foul Ball, location: 2F
3-2: Fly out, F7 (Flyball, 78XD, EV 100.6 MPH)
Batting: LHB Morgan Black 0-0: Ball
1-0: Ball
2-0: Called Strike
2-1: Fly out, F9 (Flyball, 9, EV 81.9 MPH)
Batting: RHB Randy Shrewsbury 0-0: Fly out, F9 (Flyball, 9S, EV 93.1 MPH)
Top of the 5th over - 0 runs, 0 hits, 0 errors, 0 left on base; Detroit 5 - Pittsburgh 5
BOTTOM OF THE 5TH
Pittsburgh Pirates batting - Pitching for Detroit Tigers : LHP Momosuke Sato
Batting: RHB Mike Thornton 0-0: Ball
1-0: Fly out, F8 (Flyball, 78D, EV 106.9 MPH)
Batting: RHB Eisse Bravenboer 0-0: Ball
1-0: Swinging Strike
1-1: Ball
2-1: Ball
3-1: Fly out, F9 (Flyball, 9D, EV 83.8 MPH)
Batting: RHB Mike Bates 0-0: Called Strike
0-1: Called Strike
0-2: Strikes out swinging
Bottom of the 5th over - 0 runs, 0 hits, 0 errors, 0 left on base; Detroit 5 - Pittsburgh 5
TOP OF THE 6TH
Detroit Tigers batting - Pitching for Pittsburgh Pirates : RHP Curt Campbell
Batting: LHB Tyler Davis 0-0: Called Strike
0-1: Ball
1-1: Foul Ball, location: 2F
1-2: Strikes out swinging
Batting: RHB Ryan Neal 0-0: Called Strike
0-1: Ball
1-1: Ball
2-1: Ball
3-1: Base on Balls
Batting: RHB Victor Quinones 0-0: Ball
1-0: Swinging Strike
1-1: Ball
2-1: Fly out, F7 (Line Drive, 7S, EV 110.0 MPH)
Batting: RHB Luke Feeney 0-0: Ball
1-0: Ball
2-0: Ball
3-0: Called Strike
3-1: SINGLE (Line Drive, 9LS, EV 95.0 MPH)
Ryan Neal to second
Runner from 2nd tries for 3rd, SAFE, throw by RF made to third
Pitching: LHP Riichi Yamashita
Batting: LHB Emmanuel Gaskin 0-0: 3-RUN HOME RUN (Flyball, 9D, EV 96.9 MPH), Distance : 378 ft
Batting: RHB Adrian Novakovic 0-0: Fly out, F9 (Line Drive, 9, EV 85.0 MPH)
Top of the 6th over - 3 runs, 2 hits, 0 errors, 0 left on base; Detroit 8 - Pittsburgh 5
BOTTOM OF THE 6TH
Pittsburgh Pirates batting - Pitching for Detroit Tigers : LHP Momosuke Sato
Pitching: RHP Chris Haselhorst
Batting: SHB Marvin McAleer 0-0: Called Strike
0-1: Ball
1-1: Swinging Strike
1-2: Fly out, F9 (Line Drive, 9, EV 108.1 MPH)
Batting: RHB Steve Jordan 0-0: Fly out, F6 (Line Drive, 6, EV 66.3 MPH)
Batting: RHB Vincent Poopwell 0-0: Ball
1-0: Ball
2-0: Ball
3-0: Base on Balls
Batting: LHB Theodore Conboy 0-0: Ball
Vincent Poopwell steals 2nd base
1-0: Called Strike
1-1: Foul Ball, location: 2F
1-2: Ball
2-2: SINGLE (Line Drive, 8LS, EV 103.1 MPH)
Vincent Poopwell to third
Runner from 3rd tries for Home, SAFE, throw by CF to home
Batting: RHB Andrew Robinson 0-0: Ball
1-0: Ball
Theodore Conboy steals 2nd base (no throw)
2-0: Ball
3-0: Base on Balls
Batting: RHB Tommie Eaton 0-0: Foul Ball, location: 2F
0-1: Ball
1-1: SINGLE (Line Drive, 8RS, EV 91.9 MPH)
Theodore Conboy to third
Andrew Robinson to second
Runner from 3rd tries for Home, SAFE, throw by CF to home
Batting: RHB Mike Thornton 0-0: Ball
1-0: SINGLE (Line Drive, 8LS, EV 105.0 MPH)
Andrew Robinson to third
Tommie Eaton to second
Runner from 3rd tries for Home, SAFE, throw by CF to home
Batting: RHB Eisse Bravenboer 0-0: Ball
1-0: Ball
2-0: Foul Ball, location: 2F
2-1: Fielders Choice at 2nd, 5-4 (Groundball, 56, EV 100.0 MPH)
Bottom of the 6th over - 3 runs, 3 hits, 0 errors, 2 left on base; Detroit 8 - Pittsburgh 8
TOP OF THE 7TH
Detroit Tigers batting - Pitching for Pittsburgh Pirates : LHP Riichi Yamashita
Batting: RHB Greg Harman 0-0: Ball
1-0: Called Strike
1-1: Ball
2-1: Ball
3-1: Called Strike
3-2: Strikes out swinging
Batting: LHB Morgan Black 0-0: Ball
1-0: Ball
2-0: Swinging Strike
2-1: Ground out 6-3 (Groundball, 6, EV 85.0 MPH)
Batting: RHB Randy Shrewsbury 0-0: Ball
1-0: Fly out, F8 (Line Drive, 8RD, EV 89.4 MPH)
Top of the 7th over - 0 runs, 0 hits, 0 errors, 0 left on base; Detroit 8 - Pittsburgh 8
BOTTOM OF THE 7TH
Pittsburgh Pirates batting - Pitching for Detroit Tigers : RHP Chris Haselhorst
Pitching: RHP Bryce Cleavinger
Batting: RHB Mike Bates 0-0: Foul Ball, location: 2F
0-1: Called Strike
0-2: Ball
1-2: Ball
2-2: Foul Ball, location: 2F
2-2: Fly out, F6 (Popup, 56, EV 76.9 MPH)
Batting: SHB Marvin McAleer 0-0: Ball
1-0: Ball
2-0: Ground out 4-3 (Groundball, 4, EV 90.6 MPH)
Batting: RHB Steve Jordan 0-0: Ball
1-0: Ball
2-0: Called Strike
2-1: Foul Ball, location: 2F
2-2: SOLO HOME RUN (Flyball, 8RXD, EV 112.5 MPH), Distance : 415 ft
Batting: RHB Vincent Poopwell 0-0: Ball
1-0: Called Strike
1-1: Ball
2-1: Ground out U3 (Groundball, 3, EV 83.8 MPH)
Bottom of the 7th over - 1 run, 1 hit, 0 errors, 0 left on base; Detroit 8 - Pittsburgh 9
TOP OF THE 8TH
Detroit Tigers batting - Pitching for Pittsburgh Pirates : LHP Riichi Yamashita
Batting: LHB Tyler Davis 0-0: Ball
1-0: Ball
2-0: SINGLE (Groundball, 34D, EV 102.5 MPH)
Pitching: RHP Kwang-sik Kim
Batting: RHB Ryan Neal 0-0: Ball
1-0: Called Strike
1-1: Foul Ball, location: 2F
1-2: Fly out, F7 (Flyball, 7, EV 91.3 MPH)
Batting: RHB Victor Quinones 0-0: Ball
1-0: Ball
2-0: Foul Ball, location: 2F
2-1: Bunted foul
2-2: Ball
3-2: Base on Balls
Tyler Davis to second
Batting: RHB Luke Feeney 0-0: Fielders Choice at 2nd, 3-6 (Groundball, 34S, EV 93.8 MPH)
Tyler Davis to third
Batting: LHB Emmanuel Gaskin 0-0: SINGLE (Groundball, 3, EV 98.1 MPH) (infield hit)
Tyler Davis scores
Luke Feeney to second
Pinch Hitting: LHB Brad Turner 0-0: Called Strike
0-1: Swinging Strike
0-2: Foul Ball, location: 2F
0-2: DOUBLE (Line Drive, 9LD, EV 105.6 MPH)
Luke Feeney scores
Emmanuel Gaskin to third
Batting: RHB Greg Harman 0-0: Called Strike
0-1: Fly out, F9 (Flyball, 9D, EV 80.6 MPH)
Top of the 8th over - 2 runs, 3 hits, 0 errors, 2 left on base; Detroit 10 - Pittsburgh 9
BOTTOM OF THE 8TH
Pittsburgh Pirates batting - Pitching for Detroit Tigers : RHP Bryce Cleavinger
Pitching: RHP Eric Putnam
Now at SS: Dave Reynolds
Batting: LHB Theodore Conboy 0-0: Ball
1-0: Foul Ball, location: 2F
1-1: Ball
2-1: Foul Ball, location: 2F
2-2: Foul Ball, location: 2F
2-2: Strikes out swinging
Batting: RHB Andrew Robinson 0-0: Ball
1-0: Ball
2-0: Ball
3-0: Foul Ball, location: 2F
3-1: Foul Ball, location: 2F
3-2: Foul Ball, location: 2F
3-2: Strikes out looking
Batting: RHB Tommie Eaton 0-0: Ball
1-0: Ball
2-0: SINGLE (Line Drive, 78S, EV 89.4 MPH)
Batting: RHB Mike Thornton 0-0: Ball
1-0: Fielders Choice at 2nd, 5-4 (Groundball, 5L, EV 100.6 MPH)
Bottom of the 8th over - 0 runs, 1 hit, 0 errors, 1 left on base; Detroit 10 - Pittsburgh 9
TOP OF THE 9TH
Detroit Tigers batting - Pitching for Pittsburgh Pirates : RHP Kwang-sik Kim
Batting: LHB Morgan Black 0-0: Ball
1-0: Ball
2-0: Ball
3-0: Base on Balls
Batting: RHB Randy Shrewsbury 0-0: Called Strike
0-1: Ball
1-1: Ball
2-1: SINGLE (Groundball, 3D, EV 95.6 MPH)
Morgan Black to second
Runner from 2nd tries for 3rd, SAFE, throw by RF made to third
Batting: LHB Tyler Davis 0-0: Ball
1-0: Swinging Strike
1-1: Foul Ball, location: 2F
1-2: Foul Ball, location: 2F
1-2: Ground out 4-3 (Groundball, 4, EV 89.4 MPH)
Randy Shrewsbury to second
Batting: RHB Ryan Neal 0-0: Called Strike
0-1: Ball
1-1: Swinging Strike
1-2: Ball
2-2: Foul Ball, location: 2F
2-2: Strikes out swinging
Batting: RHB Victor Quinones 0-0: Called Strike
0-1: Called Strike
0-2: Ball
1-2: Ball
2-2: Foul Ball, location: 2F
2-2: DOUBLE (Flyball, 78XD, EV 92.5 MPH)
Morgan Black scores
Randy Shrewsbury scores
Pitching: LHP Matt Huston
Batting: RHB Luke Feeney 0-0: Ball
1-0: Ball
2-0: Foul Ball, location: 2F
2-1: Foul Ball, location: 2F
2-2: Strikes out looking
Top of the 9th over - 2 runs, 2 hits, 0 errors, 1 left on base; Detroit 12 - Pittsburgh 9
BOTTOM OF THE 9TH
Pittsburgh Pirates batting - Pitching for Detroit Tigers : RHP Eric Putnam
Pitching: RHP Riso Profanter
Batting: RHB Eisse Bravenboer 0-0: Called Strike
0-1: SINGLE (Groundball, 3S, EV 70.6 MPH) (infield hit)
Batting: RHB Mike Bates 0-0: Ball
1-0: Ball
2-0: Foul Ball, location: 2F
2-1: Ball
3-1: Fly out, F2 (Popup, 2R, EV 90.6 MPH)
Batting: SHB Marvin McAleer 0-0: Ball
1-0: Foul Ball, location: 2F
1-1: Ball
2-1: Foul Ball, location: 2F
2-2: Strikes out looking
Batting: RHB Steve Jordan 0-0: Ball
Wild Pitch!
Eisse Bravenboer to second
1-0: Called Strike
1-1: Foul Ball, location: 2F
1-2: Ground out 4-3 (Groundball, 4, EV 86.9 MPH)
Bottom of the 9th over - 0 runs, 1 hit, 0 errors, 1 left on base; Detroit 12 - Pittsburgh 9
Thursday, March 31st , 2022 - OOTP Baseball 22.12 Build 89